 Dungeon Sprint DCSS version 0.27-a0-1378-gdefffd1ff6 (webtiles) character file.

Game seed: 15496610797868177091

15092 mhtbhm the Sorcerer (level 11, -4/52 (56) HPs)
             Began as a Deep Elf Earth Elementalist on June 29, 2021.
             Was the Champion of Vehumet.
             Killed from afar by a shadow dragon (42 damage)
             ... with a bolt of negative energy
             ... in the Dungeon (Sprint VII: "The Pits").
             The game lasted 00:07:39 (3040 turns).

mhtbhm the Sorcerer (Deep Elf Earth Elementalist)   Turns: 3040, Time: 00:07:39

HP:   -4/52 (56)    AC:  9    Str:  5    XL:     11   Next: 97%
MP:   27/40         EV: 15    Int: 27    God:    Vehumet [******]
Gold: 30            SH:  0    Dex: 15    Spells: 31/57 levels left

rFire    . . .     SeeInvis .   l - +2 quarterstaff (protect)
rCold    . . .     Faith    .   (shield currently unavailable)
rNeg     . . .     Spirit   .   b - +0 steam dragon scales
rPois    .         Reflect  .   (no helmet)
rElec    .         Harm     .   (no cloak)
rCorr    .         Rampage  .   (no gloves)
Will     +....     NoTele   +   r - +0 pair of boots
Stlth    +++.......             (no amulet)
HPRegen  0.17/turn              m - +3 ring of intelligence
MPRegen  0.27/turn              n - +3 ring of protection

@: drained
A: no striking features
a: Renounce Religion


You were in the Dungeon.
You worshipped Vehumet.
Vehumet was exalted by your worship.
You visited 1 branch You collected 30 gold pieces.

Inventory:

Hand Weapons
 l - a +2 quarterstaff of protection (weapon)
Missiles
 i - 67 stones
Armour
 b - +0 steam dragon scales (worn)
 r - a +0 pair of boots (worn)
Jewellery
 m - a +3 ring of intelligence (left hand)
 n - a +3 ring of protection (right hand)
 x - a ring of positive energy
 y - a ring of fire
Wands
 w - a wand of digging (3)
Scrolls
 h - 3 scrolls of blinking
 j - 5 scrolls of amnesia
 k - a scroll of summoning
 s - 3 scrolls of identify
 t - 3 scrolls of enchant armour
 u - a scroll of fear
 v - 2 scrolls of enchant weapon
 z - a scroll of immolation
Potions
 a - 2 potions of invisibility
 c - 10 potions of curing
 d - 10 potions of heal wounds
 e - 3 potions of haste
 f - 4 potions of magic
 g - 7 potions of berserk rage
 o - a potion of resistance
 p - a potion of brilliance
 q - 3 potions of might
Miscellaneous
 A - a lightning rod (4/4)


   Skills:
 + Level 1.4 Fighting
 + Level 7.0 Dodging
 + Level 6.4 Stealth
 + Level 23.6 Spellcasting
 + Level 0.2 Conjurations
 + Level 2.1 Transmutations
 + Level 21.5 Earth Magic
 + Level 0.8 Poison Magic


You had 31 spell levels left.
You knew the following spells:

 Your Spells              Type           Power      Damage    Failure   Level
a - Sandblast             Erth           100%       2d20      0%          1
b - Passwall              Tmut/Erth      64%        N/A       0%          2
c - Stone Arrow           Conj/Erth      100%       3d13      1%          3
d - Lee's Rapid Deconstr  Erth           49%        3d24*     0%          5
e - Petrify               Tmut/Erth      77%        N/A       1%          4
f - Eringya's Noxious Bo  Tmut/Pois      19%        N/A       22%         6
g - Bolt of Magma         Conj/Fire/Erth 31%        4d14      1%          5

Your spell library contained the following spells:

 Spells                   Type           Power      Damage    Failure   Level
 Freezing Cloud           Conj/Ice/Air   16%        6-21      8%          5


Dungeon Overview and Level Annotations

Branches:
Dungeon (1/1)

Altars:
Ashenzari
Cheibriados
Dithmenos
Elyvilon
Fedhas
Gozag
Hepliaklqana
Kikubaaqudgha
Makhleb
Nemelex Xobeh
Okawaru
Qazlal
Ru
Sif Muna
Trog
Uskayaw
Vehumet
Wu Jian
Xom
Yredelemnul
Zin
The Shining One
Beogh
Jiyva
Lugonu


Message History

The blast of metal fragments hits the white ugly thing!!!
You kill the white ugly thing!
Vehumet accepts your kill.
You feel your power returning. The soul eater hits you!
You feel drained.
A shadow dragon comes into view.
Your life force feels restored.
Unknown command.
Unknown command.
Unknown command.
Casting: Lee's Rapid Deconstruction (safe; 0% risk of failure)
Confirm with . or Enter, or press ? or * to list all spells.
Aiming: Lee's Rapid Deconstruction (safe; 0% risk of failure)
Press: ? - help, Dir - move target A metal wall.
The metal wall shatters!
The blast of metal fragments hits the shadow dragon!!!
The shadow dragon is heavily wounded.
The blast of metal fragments hits the soul eater but does no damage.
The soul eater is almost dead.
The soul eater draws from the surrounding life force!
The soul eater is healed.
Unknown command.
Unknown command.
Unknown command.
Casting: Lee's Rapid Deconstruction (safe; 0% risk of failure)
Confirm with . or Enter, or press ? or * to list all spells.
Aiming: Lee's Rapid Deconstruction (safe; 0% risk of failure)
Press: ? - help, Dir - move target A metal wall.
The metal wall shatters!
The blast of metal fragments hits the shadow dragon!!
The shadow dragon is severely wounded.
The blast of metal fragments hits the soul eater!!
You kill the soul eater!
Vehumet accepts your kill.
You feel your power returning.
The shadow dragon breathes negative energy at you.
The bolt of negative energy hits you!!!
You feel drained.
Ouch! That really hurt!
You die...

#..#....#..#
+..........#
+..........#
#..#....#..#
#..........+
#..........+
###''####''#
###''####''##########
#...@..##............
#.#'##.##..)...).....
#.#D .##..##########
# 'z ##..# .#} #..#
++###########.+. #..#
.......##..## ## #..#
#......##..# #..#
.......''..# #..#


You could see a shadow dragon (catching breath) and a skeletal warrior.

Vanquished Creatures
  A vampire knight (D)
  A green death (D)
  Erolcha (D)
  An anaconda (D)
  A death yak (D)
  A soul eater (D)
  2 skeletal warriors (D)
  A deep troll (D)
  Pikel (D)
  A deep elf pyromancer (D)
  An ugly thing (D)
  A manticore (D)
  A molten gargoyle (D)
  A rust devil (D)
  A gargoyle (D)
  A freezing wraith (D)
  An unseen horror (D)
  A cane toad (D)
  A guardian mummy (D)
  A yaktaur (D)
  3 efreet (D)
  Prince Ribbit (D)
  3 tyrant leeches (D)
  A hornet (D)
  5 blink frogs (D)
  A flying skull (D)
  A spriggan (D)
  A tarantella (D)
  2 basilisks (D)
  A wraith (D)
  A wyvern (D)
  A steam dragon (D)
  3 vampire mosquitoes (D)
  2 acid dragons (D)
  2 water moccasins (D)
  2 floating eyes (D)
  A necrophage (D)
  A swamp drake (D)
  4 wolves (D)
  2 ogres (D)
  2 centaurs (D)
  An earth elemental (D)
  A scorpion (D)
  2 hounds (D)
  A quasit (D)
  A gnoll shaman (D)
  An iguana (D)
  A hell rat (D)
  A mummy (D)
  7 gnolls (D)
  An adder (D)
  A river rat (D)
  An ufetubus (D)
  An adder skeleton (D)
  2 worms (D)
  A ball python (D)
  An endoplasm (D)
  A giant cockroach (D)
  A hobgoblin (D)
  2 jackals (D)
  A quokka simulacrum (D)
  2 rats (D)
92 creatures vanquished.

Vanquished Creatures (others)
  A gnoll sergeant (D)
  A gnoll (D)
2 creatures vanquished.

Grand Total: 94 creatures vanquished

Notes
Turn   | Place    | Note
-------+----------+-------------------------------------------
     0 | D        | mhtbhm the Deep Elf Earth Elementalist began the quest for
                  | the Orb.
     0 | D        | Reached XP level 1. HP: 10/10 MP: 6/6
    17 | D        | Noticed a basilisk
    17 | D        | Noticed a tarantella
    37 | D        | Noticed a floating eye
    38 | D        | Killed a floating eye
    39 | D        | Reached skill level 6 in Spellcasting
    39 | D        | Reached XP level 2. HP: 15/15 MP: 6/11
    39 | D        | Reached XP level 3. HP: 19/19 MP: 6/12
    39 | D        | Reached XP level 4. HP: 24/24 MP: 7/14
    43 | D        | Learned a level 2 spell: Passwall
    47 | D        | Learned a level 3 spell: Stone Arrow
    51 | D        | Found a bloodstained altar of Trog.
    51 | D        | Found a shimmering blue altar of Sif Muna.
    51 | D        | Found a viscous altar of Jiyva.
    51 | D        | Found a hazy altar of Hepliaklqana.
    51 | D        | Found an opulent altar of Gozag.
    52 | D        | Found a glowing golden altar of the Shining One.
    52 | D        | Found a glowing silver altar of Zin.
    52 | D        | Found a basalt altar of Yredelemnul.
    52 | D        | Found a shimmering altar of Xom.
    52 | D        | Found an ornate altar of the Wu Jian Council.
    52 | D        | Found a sacrificial altar of Ru.
    52 | D        | Found a stormy altar of Qazlal.
    52 | D        | Found an iron altar of Okawaru.
    52 | D        | Found a sparkling altar of Nemelex Xobeh.
    52 | D        | Found a burning altar of Makhleb.
    52 | D        | Found a blossoming altar of Fedhas.
    52 | D        | Found a white marble altar of Elyvilon.
    52 | D        | Found a shadowy altar of Dithmenos.
    52 | D        | Found a snail-covered altar of Cheibriados.
    54 | D        | Found a radiant altar of Vehumet.
    54 | D        | Found a corrupted altar of Lugonu.
    55 | D        | Found a hide-covered altar of Uskayaw.
    55 | D        | Found an ancient bone altar of Kikubaaqudgha.
    55 | D        | Found a broken altar of Ashenzari.
    64 | D        | Became a worshipper of Vehumet
   111 | D        | Noticed a floating eye
   113 | D        | Killed a floating eye
   114 | D        | Reached skill level 5 in Dodging
   114 | D        | Reached skill level 5 in Stealth
   114 | D        | Reached skill level 7 in Spellcasting
   114 | D        | Reached skill level 10 in Earth Magic
   114 | D        | Reached XP level 5. HP: 28/28 MP: 10/16
   159 | D        | Learned a level 5 spell: Lee's Rapid Deconstruction
   164 | D        | Learned a level 4 spell: Petrify
   171 | D        | Reached * piety under Vehumet
   171 | D        | Offered knowledge of Foxfire by Vehumet.
   228 | D        | Reached ** piety under Vehumet
   229 | D        | Noticed an ogre
   231 | D        | Killed an ogre
   232 | D        | Reached skill level 8 in Spellcasting
   232 | D        | Reached XP level 6. HP: 32/32 MP: 6/19
   373 | D        | Noticed a water moccasin
   374 | D        | Offered knowledge of Searing Ray by Vehumet.
   374 | D        | Reached *** piety under Vehumet
   375 | D        | Reached skill level 9 in Spellcasting
   379 | D        | Killed a water moccasin
   379 | D        | Reached **** piety under Vehumet
   380 | D        | Reached skill level 10 in Spellcasting
   380 | D        | Reached XP level 7. HP: 36/36 MP: 5/22
   657 | D        | Offered knowledge of Static Discharge by Vehumet.
   689 | D        | Reached skill level 11 in Spellcasting
   719 | D        | Reached ***** piety under Vehumet
   747 | D        | Noticed a flying skull
   748 | D        | Killed a flying skull
   749 | D        | Reached skill level 12 in Spellcasting
   749 | D        | Reached XP level 8. HP: 38/41 MP: 22/26
   767 | D        | Noticed an efreet
   773 | D        | Killed an efreet
   774 | D        | Reached skill level 13 in Spellcasting
   778 | D        | Noticed Prince Ribbit
   782 | D        | Killed Prince Ribbit
   783 | D        | Reached skill level 14 in Spellcasting
   783 | D        | Reached skill level 15 in Earth Magic
   975 | D        | Offered knowledge of Airstrike by Vehumet.
   977 | D        | Reached ****** piety under Vehumet
  1159 | D        | Noticed a deep troll
  1161 | D        | Noticed a molten gargoyle
  1162 | D        | Offered knowledge of Conjure Flame by Vehumet.
  1163 | D        | Killed a deep troll
  1164 | D        | Reached skill level 16 in Spellcasting
  1164 | D        | Reached XP level 9. HP: 46/46 MP: 18/31
  1164 | D        | Killed a molten gargoyle
  1243 | D        | Noticed a tyrant leech
  1246 | D        | Killed a tyrant leech
  1247 | D        | Reached skill level 17 in Spellcasting
  1291 | D        | Reached skill level 18 in Spellcasting
  1291 | D        | Reached XP level 10. HP: 51/51 MP: 30/34
  1312 | D        | Offered knowledge of Spellforged Servitor by Vehumet.
  1315 | D        | Noticed an anaconda
  1317 | D        | Killed an anaconda
  1317 | D        | Noticed a cane toad
  1318 | D        | Reached skill level 19 in Spellcasting
  1320 | D        | Killed a cane toad
  1455 | D        | Noticed Erolcha
  1455 | D        | Noticed Pikel
  1456 | D        | Killed Pikel
  1461 | D        | Killed Erolcha
  1462 | D        | Reached skill level 20 in Spellcasting
  1666 | D        | Noticed a rust devil
  1666 | D        | Noticed a deep elf pyromancer
  1666 | D        | Noticed a green death
  1668 | D        | Killed a deep elf pyromancer
  1668 | D        | Offered knowledge of Eringya's Noxious Bog by Vehumet.
  1668 | D        | Paralysed by a hornet for 2 turns
  1673 | D        | Killed a rust devil
  1674 | D        | Reached skill level 1 in Fighting
  1674 | D        | Reached XP level 11. HP: 4/56 MP: 30/37
  1675 | D        | Killed a green death
  1676 | D        | Reached skill level 21 in Spellcasting
  1945 | D        | Learned a level 6 spell: Eringya's Noxious Bog
  1958 | D        | Offered knowledge of Bolt of Magma by Vehumet.
  1963 | D        | Noticed a vampire knight
  1966 | D        | Killed a vampire knight
  2296 | D        | Learned a level 5 spell: Bolt of Magma
  2310 | D        | Reached skill level 22 in Spellcasting
  2311 | D        | Offered knowledge of Lightning Bolt by Vehumet.
  2692 | D        | Offered knowledge of Freezing Cloud by Vehumet.
  2841 | D        | Noticed a death yak
  2844 | D        | Killed a death yak
  2845 | D        | Reached skill level 23 in Spellcasting
  3034 | D        | Noticed a skeletal warrior
  3034 | D        | Noticed a soul eater
  3034 | D        | Noticed a white ugly thing
  3034 | D        | Noticed a skeletal warrior
  3035 | D        | Found the +6 shillelagh "Devastator" {shatter}
  3036 | D        | Killed a skeletal warrior
  3036 | D        | Killed a skeletal warrior
  3036 | D        | Noticed a skeletal warrior
  3038 | D        | Killed a white ugly thing
  3038 | D        | Noticed a shadow dragon
  3040 | D        | Killed a soul eater
  3040 | D        | Killed from afar by a shadow dragon

Illustrated notes

Levels and vault maps discovered:
D:        pitsprint [storerooms_1, entrance_room_1, metal_vault_2, armoury_3,
          mini_pit_1, grid_room_1, main_hall_1, silver_pit, the_coven_1,
          the_vestibule_1, steel_vault_4, golden_pit, hallway_of_sentries,
          crystal_vault_1, iron_vault_2, final_vault]

Skill      XL: |  1  2  3  4  5  6  7  8  9 10 11 |
---------------+----------------------------------+-----
Dodging        | 4 5 6 7 |  7.0
Stealth        | 4 5 6 |  6.4
Spellcasting   | 6 7 8 10 12 16 18 20 23 | 23.6
Earth Magic    | 8 10 11 12 13 15 17 19 21 | 21.5
Fighting       | 1 |  1.4
Transmutations | 2 |  2.1
Conjurations   | |  0.2
Poison Magic   | |  0.8

Action                   |  1- 3 |  4- 6 |  7- 9 | 10-12 || total
-------------------------+-------+-------+-------+-------++-------
 Cast: Sandblast         |     1 |     3 |     1 |       ||     5
       Stone Arrow       |       |     2 |       |       ||     2
       Lee's Rapid Decon |       |     6 |    23 |    57 ||    86
       Eringya's Noxious |       |       |       |     1 ||     1
  Use: Potion            |       |       |       |     1 ||     1
Armor: Steam dragon scal |       |       |       |     2 ||     2
Dodge: Dodged            |       |     2 |     3 |     8 ||    13

Table legend: (Time is in decaauts)
 A = Elapsed time spent in this place.
 B = Non-inter-level travel time spent in this place.
 C = Inter-level travel time spent in this place.
 D = Time resting spent in this place.
 E = Time spent auto-exploring this place.
 F = Levels seen in this place.
 G = Mean time per level.
                   A        B        C        D        E       F      G
               +--------+--------+--------+--------+--------+-----+--------+
         Total |   3038 |   3038 |      0 |   2140 |     53 |   1 | 3038.0 |
       Dungeon |   3038 |   3038 |      0 |   2140 |     53 |   1 | 3038.0 |
               +--------+--------+--------+--------+--------+-----+--------+

Top non-repeatable levels by time:
       D: 3038 daAuts
